cohdb
Replays
Latest Replays
All Replays
Popular Replays
Top Player Replays
Match Explorer
How It Works
Community
CoH3 Stats
Reddit
Sign in to upload your games and track your stats! →
Sign in with Steam
Match 41098299
Unlisted
Match 41098299
Overview
Messages
Build Orders
End
Royal Engineer Section
Construct Section Command Post
Selects Canadian Shock Battlegroup
Infantry Section
Dingo Light Scout Car
Infantry Section
Selects Attacking Spirit
Selects Canadian Shock Section
Construct Platoon Command Post
Humber Armored Car
Royal Engineer Section
Humber Armored Car
Light Vehicle Training
Canadian Shock Section
Infantry Training
Selects Incendiary Munitions
Infantry Section
Construct Field Infirmary
Monsieur Nathan
DangerouslyDumb
Major Storm
Msc1515
0
0
Comments
sign in to comment!
No comments posted yet!